 Dungeon Crawl Stone Soup version 0.20.1-1-g8b1a95d (console) character file.

322 Goblin1989 the Firebug (level 6, -5/41 HPs)
             Began as a Demonspawn Fire Elementalist on July 7, 2017.
             Was an Initiate of Vehumet.
             Shot with an arrow by a centaur (7 damage)
             ... on level 8 of the Dungeon on July 8, 2017.
             The game lasted 00:14:56 (5526 turns).

Goblin1989 the Firebug (DsFE)                       Turns: 5526, Time: 00:14:56

Health: -5/41      AC:  4    Str:  9    XL:     6   Next: 22%
Magic:  0/10       EV: 11    Int: 18    God:    Vehumet [......]
Gold:   244        SH:  0    Dex: 13    Spells: 10/11 levels left

rFire    . . .     SeeInvis .   i - +0 club
rCold    . . .     Gourm    .   (no shield)
rNeg     + . .     Faith    .   v - +0 leather armour {rN+}
rPois    .         Spirit   +   (no helmet)
rElec    .         Reflect  .   (no cloak)
rCorr    .         Harm     .   L - +0 pair of gloves
MR       +....                  (no boots)
Stlth    ++........             (no amulet)
Regen    0.2/turn               m - ring of protection from magic
MPRegen  0.3/turn               (no ring)

@: no status effects
A: talons 1, magic shield, magic regeneration
a: Renounce Religion


You were on level 8 of the Dungeon.
You worshipped Vehumet.
Vehumet was noncommittal.
You were hungry.

You visited 2 branches of the dungeon, and saw 9 of its levels.

You collected 244 gold pieces.

Inventory:

Hand Weapons
 i - a +0 club (weapon)
 w - a +1 blowgun {@w1}
 J - a +0 dagger
Missiles
 h - 15 bolts
 S - 13 poisoned needles
 U - 25 stones (quivered)
 V - 31 sling bullets
 W - 5 javelins
Armour
 a - a +0 robe
 v - a +0 leather armour of positive energy (worn)
 L - a +0 pair of gloves (worn)
Jewellery
 m - a ring of protection from magic (left hand)
Wands
 C - a wand of confusion (25/48)
Scrolls
 M - a scroll of enchant weapon
 R - 6 scrolls of identify {@r1}
 T - 3 scrolls of teleportation {!r, @r3}
 X - a scroll of remove curse {@r2}
Potions
 k - a potion of berserk rage
 q - a potion of magic {unknown}
 t - a potion of flight
 u - 3 potions of mutation {unknown}
 D - a potion of degeneration {unknown}
 E - 2 potions of curing {@q1}
 G - 2 potions of agility {unknown}
 Q - a potion of might {unknown}
Books
 b - a book of Flames

   Spells                             Type                      Level
   a - Flame Tongue                   Conjuration/Fire             1
   b - Throw Flame                    Conjuration/Fire             2
   c - Conjure Flame                  Conjuration/Fire             3
   d - Inner Flame                    Hexes/Fire                   3
   e - Sticky Flame                   Conjuration/Fire             4
   f - Fireball                       Conjuration/Fire             5
Comestibles
 e - 3 bread rations {@e1}
 g - 2 meat rations {@e2}
 I - 2 fruits
 K - a royal jelly


   Skills:
 - Level 1.7 Dodging
 - Level 1.7 Stealth
 + Level 3.2 Spellcasting
 * Level 4.0 Conjurations
 * Level 4.5 Fire Magic


You had 10 spell levels left.
You knew the following spells:

 Your Spells              Type           Power        Failure   Level  Hunger
a - Flame Tongue          Conj/Fire      ###..        3%          1    None


Dungeon Overview and Level Annotations

Branches:
Dungeon (8/15)             Temple (1/1) D:5
   Lair: D:8-11

Altars:
Cheibriados
Dithmenos
Hepliaklqana
Vehumet
Xom
The Shining One

Annotations:
D:4 polve's ghost, amateur DsGl
D:5 exclusion: Sigmund, Sigmund


Innate Abilities, Weirdness & Mutations

You have sharp toenails.
When hurt, damage is shared between your health and your magic reserves.
You regenerate magic rapidly.


Message History

There is a stone staircase leading down here.
The ogre hits you with a giant club!!
* * * LOW HITPOINT WARNING * * *
You climb downwards.
Found a stone staircase leading down.
There is a stone staircase leading up here.
You take 19 damage, and have 6/41 hp.
MASSIVE DAMAGE!!
You now have 2/10 mp.
You found a teleport trap!
There is a stone staircase leading up here.
Press: ? - help, v - describe, . - travel A teleport trap.
Really walk into that teleport trap?
You enter a teleport trap!
The teleport trap disappears.
Your surroundings seem slightly different.
There is a stone staircase leading down here.
You climb downwards.
You hear the hiss of flowing sand.
There is an entrance to an ossuary on this level.
Hurry and find it before the portal is buried!
There is a stone staircase leading up here.
As you read the scroll labeled GIVENE RE TAOK, it crumbles to dust.
You feel strangely unstable.
It was a scroll of teleportation.
T - 3 scrolls of teleportation;
h - 15 bolts
As you read the scroll labeled OFAK FE MIDD, it crumbles to dust.
You assume a fearsome visage.
Nothing appears to happen.
It was a scroll of fear.
Unknown command.
As you read the scroll labeled PEJ QIMERAW, it crumbles to dust.
It is a scroll of amnesia.
Forget which spell ([?*] list [ESC] exit)?
Forget which spell ([?*] list [ESC] exit)?
Okay, then.
As you read the scroll labeled VIBBOE CAOGGE, it crumbles to dust.
It is a scroll of enchant weapon.
Your blowgun {@w1} glows red for a moment.
Your surroundings seem slightly different.
An adder skeleton comes into view.
MP restored: 10
As you read the scroll labeled WUADGH LYFA, it crumbles to dust.
It is a scroll of identify.
t - a potion of flight;
R - 6 scrolls of identify
v - a +0 leather armour of positive energy (worn)
As you read the scroll labeled XEMAUW RYUJYBB, it crumbles to dust.
You smell wet wool.
It was a scroll of random uselessness.
Unknown command.
As you read the scroll labeled ZYNALE POBUGIP, it crumbles to dust.
The creatures around you are filled with an inner flame!
It was a scroll of immolation.
As you read the scroll labeled ZAZE UNGEOFFOINKUQ, it crumbles to dust.
It is a scroll of recharging.
Charge which item? (? for menu, Esc to quit)
Your wand of confusion (?/48) {empty} glows for a moment.
Evoke which item? (* to show all) (? for menu, Esc to quit)
Aiming: Confuse (will waste charges)
Press: ? - help, Shift-Dir - straight line, f - adder skeleton
Aim: an adder skeleton (resting, inner flame, chance to defeat MR: 62%)
The adder skeleton resists with significant effort.
Evoking this partially-identified wand wasted a few charges.
Evoke which item? (* to show all) (? for menu, Esc to quit)
Aiming: Confuse (will waste charges)
Press: ? - help, Shift-Dir - straight line, f/p - adder skeleton
Aim: an adder skeleton (inner flame, chance to defeat MR: 62%)
The adder skeleton resists with significant effort.
Evoking this partially-identified wand wasted a few charges.
An ogre comes into view. It is wielding a giant club.
The ogre shouts!
A centaur comes into view.
Casting: Flame Tongue
Confirm with . or Enter, or press ? or * to list all spells.
Aiming: Flame Tongue
Press: ? - help, Shift-Dir - straight line, f - centaur, p - adder skeleton
Aim: a centaur (resting)
The flame tongue hits the centaur.
The centaur is moderately wounded.
The centaur shouts!
The centaur wields a shortbow.
The centaur shoots an arrow.
The arrow hits you!
* * * LOW HITPOINT WARNING * * *
The adder skeleton misses you.
You take 7 damage, and have 6/41 hp.
You now have 4/10 mp.
Casting: Flame Tongue
Confirm with . or Enter, or press ? or * to list all spells.
Aiming: Flame Tongue
Press: ? - help, Shift-Dir - straight line, f/p - centaur
Aim: a centaur, wielding a shortbow (moderately wounded)
The flame tongue hits the centaur.
The centaur is severely wounded.
The centaur shoots an arrow.
The arrow hits you.
* * * LOW HITPOINT WARNING * * *
The adder skeleton misses you.
You take 4 damage, and have 2/41 hp.
You now have 2/10 mp.
Unknown command.
Casting: Flame Tongue
Confirm with . or Enter, or press ? or * to list all spells.
Aiming: Flame Tongue
Press: ? - help, Shift-Dir - straight line, f/p - centaur
Aim: a centaur, wielding a shortbow (severely wounded)
The flame tongue hits the centaur.
The centaur is almost dead.
The centaur shoots an arrow.
The arrow hits you!
You die... ████████ ████

█.@.c..█ █..
█Z████.█ █.█
█O████.████.█ █
█.█.........██
..
█.█.██.███.<.█.█
█.█.██.█
█.....█.█
█......█
█.......█
███.████


█████████ █O█ You could see an ogre, a centaur and an adder skeleton (inner
flame).

Vanquished Creatures
  An ogre (D:4)
  2 hounds (D:5)
  Ijyb (D:3)
  An iguana (D:5)
  A worker ant (D:5)
  4 adders
  An adder skeleton (D:4)
  3 dart slugs (D:1)
  4 leopard geckos
  2 orcs (D:5)
  4 bats
  4 giant cockroaches
  5 goblins
  6 hobgoblins
  6 kobolds
  A quokka (D:2)
  2 ball pythons
  A frilled lizard (D:3)
  A jackal zombie (D:5)
  A leopard gecko skeleton (D:5)
  7 rats
58 creatures vanquished.

Notes
Turn   | Place    | Note
-------+----------+-------------------------------------------
     0 | D:1      | Goblin1989 the Demonspawn Fire Elementalist began the quest for the Orb.
     0 | D:1      | Reached XP level 1. HP: 13/13 MP: 3/3
   328 | D:1      | Gained mutation: You have sharp toenails. [demonic ancestry]
   328 | D:1      | Reached XP level 2. HP: 8/19 MP: 0/5
  1380 | D:2      | Found a faded altar of an unknown god.
  1595 | D:2      | Reached XP level 3. HP: 24/24 MP: 2/6
  2822 | D:3      | Noticed Ijyb
  2884 | D:3      | Killed Ijyb
  2884 | D:3      | Gained mutation: When hurt, damage is shared between your health and your magic reserves. [demonic ancestry]
  2884 | D:3      | Reached XP level 4. HP: 8/30 MP: 0/7
  3333 | D:3      | You fall through a shaft!
  3370 | D:4      | Noticed polve's ghost (amateur DsGl)
  3372 | D:5      | Entered Level 5 of the Dungeon
  3474 | D:4      | Noticed an ogre
  3479 | D:4      | Killed an ogre
  3479 | D:4      | Gained mutation: You regenerate magic rapidly. [demonic ancestry]
  3479 | D:4      | Reached XP level 5. HP: 5/35 MP: 0/9
  3842 | D:4      | Noticed an ogre
  4089 | D:5      | Found a staircase to the Ecumenical Temple.
  4101 | Temple   | Entered the Ecumenical Temple
  4108 | Temple   | Became a worshipper of Vehumet
  4439 | D:5      | Reached XP level 6. HP: 39/41 MP: 6/10
  4644 | D:5      | Noticed Sigmund
  5525 | D:8      | HP: 2/41 [centaur/arrow (4)]
  5526 | D:8      | Shot with an arrow by a centaur

Skill      XL: |  1  2  3  4  5  6 |
---------------+-------------------+-----
Fire Magic     | 3 4 |  4.5
Conjurations   | 2 3 4 |  4.0
Spellcasting   | 3 |  3.2
Dodging        | |  1.7
Stealth        | |  1.7

Action                   |  1- 3 |  4- 6 || total
-------------------------+-------+-------++-------
Melee: Unarmed           |     2 |       ||     2
       Club              |    54 |    10 ||    64
       Kick              |    11 |     3 ||    14
 Cast: Flame Tongue      |    72 |    67 ||   139
Evoke: Wand              |       |     2 ||     2
  Use: Potion            |     4 |       ||     4
       Scroll            |     1 |     9 ||    10
  Eat: Chunk             |     6 |     8 ||    14
Armor: Robe              |    12 |       ||    12
       Leather armour    |    30 |    15 ||    45
Dodge: Dodged            |    48 |    35 ||    83

Vault maps used:
D:1:      doesnt_arrival_eight_statues
D:2:      wad_crossroads, chequers_ecumenical_altar_island
D:3:      first_bread, uniq_crazy_yiuf_cottage, uniq_ijyb, uniq_terence
D:5:      corexii_shack_village, minmay_temple_entry_overgrown, uniq_sigmund
D:6:      eat_drink_and_be_merry_uskayaw, serial_shops, shop,
          nicolae_shop_crystal, shop, kennysheep_little_box, shop_coins,
          grunt_decor_arrowhead, uniq_blork_the_orc
D:7:      patterned_corridor
D:8:      serial_shops, nicolae_shop_trees, enter_ossuary_4
Temple:   regret_index_temple_chain_breaker
